 Dungeon Crawl Stone Soup version 0.28.0-53-g5a82cb258f (webtiles) character file.

Game seed: 17880371742289925550

6581 raph the Carver (level 11, -2/87 HPs)
             Began as a Gnoll Cinder Acolyte on July 2, 2022.
             Was a Follower of Okawaru.
             Slain by a black mamba (8 damage)
             ... on level 1 of the Lair of Beasts.
             The game lasted 00:16:44 (12162 turns).

raph the Carver (Gnoll Cinder Acolyte)             Turns: 12162, Time: 00:16:44

Health: -2/87      AC: 13    Str: 13    XL:     11   Next: 1%
Magic:  17/20      EV: 14    Int: 13    God:    Okawaru [*.....]
Gold:   125        SH:  0    Dex: 13    Spells: 12/23 levels left

rFire   . . .      SeeInvis .   a - +1 long sword (freeze)
rCold   . . .      Faith    .   (no shield)
rNeg    . . .      Spirit   .   B - +0 steam dragon scales
rPois   .          Reflect  .   x - +0 helmet
rElec   .          Harm     .   l - +2 cloak
rCorr   .          Rampage  .   w - +0 pair of gloves
Will    +....                   s - +0 pair of boots
Stlth   +++.......              (no amulet)
HPRegen 0.24/turn               m - ring of willpower
MPRegen 0.17/turn               r - +4 ring of slaying

@: swift, fire susceptible, very quick
A: fangs 1, strong nose, distributed training
a: Renounce Religion, Heroism


You were on level 1 of the Lair of Beasts.
You worshipped Okawaru.
Okawaru was aware of your devotion.
You visited 3 branches of the dungeon, and saw 10 of its levels.

You collected 413 gold pieces.
You spent 288 gold pieces at shops.

Inventory:

Hand Weapons
 a - a +1 long sword of freezing (weapon)
 b - a -1 falchion of flaming
Missiles
 j - 9 boomerangs (quivered)
 o - 2 boomerangs of dispersal
Armour
 i - a +2 robe of fire resistance
 l - a +2 cloak (worn)
 p - a +1 leather armour of fire resistance
 s - a +0 pair of boots (worn)
 w - a +0 pair of gloves (worn)
 x - a +0 helmet (worn)
 B - +0 steam dragon scales (worn)
Jewellery
 m - a ring of willpower (left hand)
 r - a +4 ring of slaying (right hand)
Wands
 q - a wand of polymorph (12)
 A - a wand of flame (30)
Scrolls
 u - a scroll of fog
 v - 4 scrolls of identify
 y - a scroll of enchant armour
Potions
 c - 2 potions of mutation
 d - a potion of resistance
 e - 2 potions of might
 g - 5 potions of curing
 h - 5 potions of brilliance
 k - 2 potions of flight
 n - 2 potions of berserk rage
 t - a potion of lignification
 z - a potion of degeneration
 C - a potion of attraction {unknown}


   Skills:
 + Level 8.9 Fighting
 + Level 5.8 Short Blades
 + Level 8.9 Long Blades
 + Level 5.8 Axes
 + Level 5.8 Maces & Flails
 + Level 5.8 Polearms
 + Level 5.8 Staves
 + Level 5.8 Slings
 + Level 5.8 Bows
 + Level 5.8 Crossbows
 + Level 5.8 Throwing
 + Level 5.8 Armour
 + Level 5.8 Dodging
 + Level 5.8 Stealth
 + Level 5.8 Shields
 + Level 5.8 Unarmed Combat
 + Level 6.5 Spellcasting
 + Level 4.8 Conjurations
 + Level 4.8 Hexes
 + Level 4.8 Summonings
 + Level 4.8 Necromancy
 + Level 4.8 Translocations
 + Level 4.8 Transmutations
 + Level 7.4 Fire Magic
 + Level 4.8 Ice Magic
 + Level 4.8 Air Magic
 + Level 4.8 Earth Magic
 + Level 4.8 Poison Magic
 + Level 6.4 Invocations
 + Level 5.8 Evocations


You had 12 spell levels left.
You knew the following spells:

 Your Spells              Type           Power      Damage    Failure   Level
a - Scorch                Fire           46%        2d7       1%          2
b - Swiftness             Air            16%        N/A       7%          3
c - Vampiric Draining     Necr           16%        2d7       7%          3
d - Frozen Ramparts       Ice            32%        1d5       7%          3

Your spell library contained the following spells:

 Spells                   Type           Power      Damage    Failure   Level
 Pain                     Necr           64%        1d7       2%          1
 Slow                     Hex            64%        N/A       2%          1
 Ensorcelled Hibernation  Hex/Ice        32%        N/A       3%          2
 Passwall                 Tmut/Erth      13%        N/A       3%          2
 Confusing Touch          Hex            16%        N/A       7%          3
 Gell's Gravitas          Tloc           16%        N/A       7%          3
 Teleport Other           Tloc           16%        N/A       7%          3
 Ice Form                 Ice/Tmut       16%        N/A       22%         4
 Dispersal                Tloc           8%         N/A       98%         6
 Animate Skeleton         Necr           Unusable   N/A       N/A         1
 Summon Ice Beast         Ice/Summ       Unusable   N/A       N/A         4

Dungeon Overview and Level Annotations

Branches:
Dungeon (8/15)             Temple (1/1) D:6            Lair (1/6) D:8

Altars:
Ashenzari
Cheibriados
Dithmenos
Elyvilon
Fedhas
Hepliaklqana
Kikubaaqudgha
Makhleb
Nemelex Xobeh
Okawaru
Qazlal
Ru
Sif Muna
Trog
Uskayaw
Vehumet
Wu Jian
Xom
Yredelemnul
Zin
The Shining One

Shops:
D:7 [!

Annotations:
D:8 exclusion: ice statue


Innate Abilities, Weirdness & Mutations

You have very sharp teeth.
Your uncanny sense of smell can sniff out nearby items.
Your experience applies equally to all skills.


Message History

The black mamba bites you!
* * * LOW HITPOINT WARNING * * *
You are lethally poisoned!
The black mamba poisons you!
* * * LOW HITPOINT WARNING * * *
You feel very sick.
The black mamba bites you but does no damage.
Okay, then.
You feel much better.
You feel very sick.
The black mamba bites you but does no damage.
The elephant closely misses you. The elephant trunk-slaps you.
* * * LOW HITPOINT WARNING * * *
The black mamba bites you!
* * * LOW HITPOINT WARNING * * *
You are more poisoned.
The black mamba poisons you!
You feel better. The black mamba bites you.
* * * LOW HITPOINT WARNING * * *
The elephant barely misses you.
The elephant trunk-slaps you but does no damage.
The black mamba bites you!
* * * LOW HITPOINT WARNING * * *
Okay, then.
The black mamba bites you but does no damage.
Casting: Frozen Ramparts (dangerous; 7% risk of failure)
Confirm with . or Enter, or press ? or * to list all spells.
You feel quick.
The black mamba bites you but does no damage.
The black mamba closely misses you.
The elephant closely misses you. x2; The black mamba barely misses you.
The elephant tramples you but does no damage.
The elephant closely misses you. The black mamba barely misses you.
The black mamba bites you but does no damage.
You see here a +1 vorpal broad axe.
The black mamba misses you.
There is a staircase back to the Dungeon here.
The black mamba barely misses you. The black mamba bites you!
You die...

### ### #### ### ##.########.###
...####.### ####.............##
≈#........# ##.#.............#..
≈#........####..@................
≈#.............S###..............
§#........##.##..#.............#.
##.##.###.####PY###............#.
†..#####...####..##...........#..
#### #...#..YY...#############.
####...#.....Y.# #.
#####.##..>#.......# #.
.÷.........#.......# #.


You could see 3 elephants and a black mamba.

Vanquished Creatures
  A hydra (Lair:1)
  A black mamba (Lair:1)
  Maggie (Lair:1)
  A troll (D:8)
  Prince Ribbit (D:5)
  2 blink frogs (Lair:1)
  6 yaks (D:8)
  Menkaure (D:5)
  Duvessa (D:6)
  5 water moccasins
  4 black bears
  An ice beast (D:8)
  3 centaurs
  6 wolves (Lair:1)
  A phantom (D:4)
  6 bullfrogs
  A wyvern zombie (D:8)
  3 scorpions (D:5)
  A water moccasin zombie (D:6)
  Dowan (D:6)
  3 killer bees (D:8)
  9 wights
  A howler monkey (D:7)
  A bullfrog zombie (D:7)
  An orc priest (D:5)
  A centaur skeleton (D:7)
  An iguana (D:7)
  5 orc wizards
  2 killer bee zombies
  2 howler monkey skeletons
  6 adders
  2 shadow imps (D:7)
  3 ufetubi (D:8)
  An adder skeleton (D:4)
  2 worms
  A dart slug (D:1)
  17 orcs
  10 ball pythons
  3 bats
  6 endoplasms
  4 giant cockroaches
  4 goblins
  10 hobgoblins
  8 jackals
  2 quokkas
  A frilled lizard (D:3)
  6 kobolds
  7 rats
  A butterfly (Lair:1)
167 creatures vanquished.

Vanquished Creatures (others)
  59 foxfires
  2 fungi (Lair:1)
  4 plants (Lair:1)
65 creatures vanquished.

Grand Total: 232 creatures vanquished

Notes
Turn   | Place    | Note
-------+----------+-------------------------------------------
     0 | D:1      | raph the Gnoll Cinder Acolyte began the quest for the Orb.
     0 | D:1      | Reached XP level 1. HP: 23/23 MP: 4/4
    96 | D:1      | Reached XP level 2. HP: 28/29 MP: 5/5
   393 | D:1      | Learned a level 2 spell: Scorch
   538 | D:1      | Found a faded altar of an unknown god.
   831 | D:1      | Reached XP level 3. HP: 35/35 MP: 1/7
  1298 | D:2      | Reached skill level 1 in Invocations
  1514 | D:2      | Reached skill level 1 in Short Blades
  1514 | D:2      | Reached skill level 1 in Axes
  1514 | D:2      | Reached skill level 1 in Maces & Flails
  1514 | D:2      | Reached skill level 1 in Polearms
  1514 | D:2      | Reached skill level 1 in Staves
  1514 | D:2      | Reached skill level 1 in Slings
  1514 | D:2      | Reached skill level 1 in Bows
  1514 | D:2      | Reached skill level 1 in Crossbows
  1514 | D:2      | Reached skill level 1 in Throwing
  1514 | D:2      | Reached skill level 1 in Armour
  1514 | D:2      | Reached skill level 1 in Dodging
  1514 | D:2      | Reached skill level 1 in Stealth
  1514 | D:2      | Reached skill level 1 in Shields
  1514 | D:2      | Reached skill level 1 in Unarmed Combat
  1514 | D:2      | Reached skill level 1 in Evocations
  1521 | D:2      | Reached XP level 4. HP: 33/41 MP: 6/8
  1664 | D:2      | Found a shimmering altar of Xom.
  2653 | D:3      | Reached skill level 1 in Conjurations
  2653 | D:3      | Reached skill level 1 in Hexes
  2653 | D:3      | Reached skill level 1 in Summonings
  2653 | D:3      | Reached skill level 1 in Necromancy
  2653 | D:3      | Reached skill level 1 in Translocations
  2653 | D:3      | Reached skill level 1 in Transmutations
  2653 | D:3      | Reached skill level 1 in Ice Magic
  2653 | D:3      | Reached skill level 1 in Air Magic
  2653 | D:3      | Reached skill level 1 in Earth Magic
  2653 | D:3      | Reached skill level 1 in Poison Magic
  3021 | D:3      | Found an ornate altar of the Wu Jian Council.
  3227 | D:3      | Reached XP level 5. HP: 42/47 MP: 2/9
  3771 | D:4      | Found a sacrificial altar of Ru.
  3903 | D:4      | Noticed a phantom
  3914 | D:4      | Killed a phantom
  3915 | D:4      | Reached XP level 6. HP: 51/53 MP: 8/11
  4048 | D:5      | Entered Level 5 of the Dungeon
  4059 | D:5      | Noticed Prince Ribbit
  4063 | D:5      | Killed Prince Ribbit
  4064 | D:5      | Reached XP level 7. HP: 59/59 MP: 3/12
  4414 | D:5      | Identified the +5 plate armour of the Kettle-Drum {Contam
                  | rCorr Int-2 Dex+4 Stlth+}
  4584 | D:5      | Learned a level 3 spell: Swiftness
  4596 | D:5      | Learned a level 3 spell: Vampiric Draining
  4798 | D:5      | Noticed Menkaure
  4946 | D:5      | Killed Menkaure
  4947 | D:5      | Reached XP level 8. HP: 36/67 MP: 4/14
  5200 | D:5      | Found a bloodstained altar of Trog.
  5743 | D:6      | Found a staircase to the Ecumenical Temple.
  5839 | Temple   | Entered the Ecumenical Temple
  6212 | D:6      | Noticed Duvessa
  6212 | D:6      | Noticed Dowan
  6245 | D:6      | Killed Dowan
  6247 | D:6      | Killed Duvessa
  6416 | D:6      | Reached XP level 9. HP: 47/72 MP: 4/16
  7638 | D:7      | Found a sparkling altar of Nemelex Xobeh.
  7845 | D:7      | Found a burning altar of Makhleb.
  7948 | D:7      | Reached skill level 5 in Spellcasting
  7987 | D:7      | Found Ovuomic's Antique Armour Shop.
  7996 | D:7      | Bought a pair of gloves for 81 gold pieces
  7996 | D:7      | Bought a helmet for 81 gold pieces
  8231 | D:7      | Found Lir Faqa's Distillery.
  8236 | D:7      | Bought a potion of might for 56 gold pieces
  8236 | D:7      | Bought a potion of degeneration for 14 gold pieces
  8236 | D:7      | Bought a potion of brilliance for 56 gold pieces
  8884 | D:8      | Noticed an ice devil
  8884 | D:8      | Noticed an ice devil
  8884 | D:8      | Noticed an ice devil
  8885 | D:8      | Noticed an ice statue
  8885 | D:8      | Noticed an ice devil
  8895 | D:8      | Noticed an ice devil
  8895 | D:8      | Noticed an ice devil
  9195 | D:8      | Reached skill level 5 in Invocations
  9411 | D:8      | Found a staircase to the Lair.
  9483 | D:8      | Reached XP level 10. HP: 37/80 MP: 7/18
  9496 | D:8      | Reached skill level 5 in Short Blades
  9496 | D:8      | Reached skill level 5 in Axes
  9496 | D:8      | Reached skill level 5 in Maces & Flails
  9496 | D:8      | Reached skill level 5 in Polearms
  9496 | D:8      | Reached skill level 5 in Staves
  9496 | D:8      | Reached skill level 5 in Slings
  9496 | D:8      | Reached skill level 5 in Bows
  9496 | D:8      | Reached skill level 5 in Crossbows
  9496 | D:8      | Reached skill level 5 in Throwing
  9496 | D:8      | Reached skill level 5 in Armour
  9496 | D:8      | Reached skill level 5 in Dodging
  9496 | D:8      | Reached skill level 5 in Stealth
  9496 | D:8      | Reached skill level 5 in Shields
  9496 | D:8      | Reached skill level 5 in Unarmed Combat
  9496 | D:8      | Reached skill level 5 in Evocations
  9868 | D:8      | Found a radiant altar of Vehumet.
  9893 | D:8      | Found a broken altar of Ashenzari.
 10652 | Lair:1   | Entered Level 1 of the Lair of Beasts
 11087 | Lair:1   | Learned a level 3 spell: Frozen Ramparts
 11095 | Lair:1   | Noticed a six-headed hydra
 11113 | Lair:1   | Killed a four-headed hydra
 11266 | Lair:1   | Noticed a cane toad
 11371 | Temple   | Fell from the grace of Ignis
 11371 | Temple   | Became a worshipper of Warmaster Okawaru
 11497 | Lair:1   | Noticed Maggie
 11564 | Lair:1   | Killed Maggie
 11564 | Lair:1   | Reached * piety under Okawaru
 11829 | Lair:1   | Noticed a black mamba
 11834 | Lair:1   | Killed a black mamba
 11835 | Lair:1   | Reached XP level 11. HP: 66/87 MP: 13/20
 12146 | Lair:1   | HP: 4/87 [poisoned by a black mamba]
 12162 | Lair:1   | Slain by a black mamba

Illustrated notes

Levels and vault maps discovered:
D:1:      dpeg_arrival_rhombus, layout_loops_ring,
          nicolae_ecumenical_snake_handling, minmay_strange_pillars
D:2:      layout_rooms, basic_altar, grunt_decor_one_mirror
D:3:      layout_basic, nicolae_wu_jian_glorious_leap
D:4:      layout_cave_pools, nicolae_ru_awakened_eye
D:5:      layout_gridville, trog_ov_bears_minmay, uniq_prince_ribbit1,
          uniq_menkaure
D:6:      layout_basic, minmay_temple_entry_enclosed_plants, uniq_duvessa
D:7:      layout_loops_cross, mainiacjoe_overflow_surrounded_room,
          mainiacjoe_overflow_paths, serial_shops, shop, shop_fountains
D:8:      cheibrodos_frozen_isle, layout_basic, nicolae_ashenzari_panopticon,
          vehumet_altar_wand_db
Temple:   eino_narrow_crystal_temple
Lair:1:   layout_gridlike, lemuel_fruit_fields, uniq_maggie

Skill      XL: |  1  2  3  4  5  6  7  8  9 10 |
---------------+-------------------------------+-----
Invocations    | 1 2 3 4 5 6 |  6.4
Short Blades   | 1 2 3 4 5 |  5.8
Axes           | 1 2 3 4 5 |  5.8
Maces & Flails | 1 2 3 4 5 |  5.8
Polearms       | 1 2 3 4 5 |  5.8
Staves         | 1 2 3 4 5 |  5.8
Slings         | 1 2 3 4 5 |  5.8
Bows           | 1 2 3 4 5 |  5.8
Crossbows      | 1 2 3 4 5 |  5.8
Throwing       | 1 2 3 4 5 |  5.8
Armour         | 1 2 3 4 5 |  5.8
Dodging        | 1 2 3 4 5 |  5.8
Stealth        | 1 2 3 4 5 |  5.8
Shields        | 1 2 3 4 5 |  5.8
Unarmed Combat | 1 2 3 4 5 |  5.8
Evocations     | 1 2 3 4 5 |  5.8
Spellcasting   | 3 4 5 6 |  6.5
Conjurations   | 1 2 3 4 |  4.8
Hexes          | 1 2 3 4 |  4.8
Summonings     | 1 2 3 4 |  4.8
Necromancy     | 1 2 3 4 |  4.8
Translocations | 1 2 3 4 |  4.8
Transmutations | 1 2 3 4 |  4.8
Ice Magic      | 1 2 3 4 |  4.8
Air Magic      | 1 2 3 4 |  4.8
Earth Magic    | 1 2 3 4 |  4.8
Poison Magic   | 1 2 3 4 |  4.8
Fighting       | 7 8 |  8.9
Long Blades    | 7 8 |  8.9
Fire Magic     | 6 7 |  7.4

Action                   |  1- 3 |  4- 6 |  7- 9 | 10-12 || total
-------------------------+-------+-------+-------+-------++-------
Melee: Falchion          |    80 |    44 |    65 |     3 ||   192
       Bite              |     3 |     1 |    11 |     5 ||    20
       Punch             |       |       |     6 |     6 ||    12
       Long sword        |       |       |    51 |    76 ||   127
 Cast: Scorch            |     9 |    36 |   122 |    41 ||   208
       Frozen Ramparts   |       |       |       |     4 ||     4
       Swiftness         |       |       |       |     1 ||     1
Invok: Foxfire Swarm     |       |     2 |     1 |     1 ||     4
       Fiery Armour      |       |       |     5 |     1 ||     6
Evoke: Wand              |       |       |       |     2 ||     2
  Use: Scroll            |     2 |     7 |     9 |       ||    18
       Potion            |       |       |       |     3 ||     3
 Stab: Sleeping          |     1 |       |       |       ||     1
Armor: Robe              |    19 |    20 |    24 |       ||    63
       Leather armour    |       |       |    53 |    36 ||    89
       Steam dragon scal |       |       |       |    17 ||    17
Dodge: Dodged            |    51 |    37 |   109 |   134 ||   331
